 Dungeon Crawl Stone Soup version 0.27.0-1-g7a089689b8 (webtiles) character file.

Game seed: 11798447742002060180

452 nightchill the Insei (level 7, -3/52 HPs)
             Began as a Gnoll Transmuter on Aug 5, 2021.
             Slain by a scorpion (5 damage)
             ... on level 4 of the Dungeon.
             The game lasted 00:06:33 (2475 turns).

nightchill the Insei (Gnoll Transmuter)             Turns: 2475, Time: 00:06:34

Health: -3/52      AC:  2    Str: 10    XL:     7   Next: 5%
Magic:  14/15      EV: 13    Int: 12    God:
Gold:   195        SH:  0    Dex: 12    Spells: 14/17 levels left

rFire    + . .     SeeInvis .   s - +2 dagger (venom)
rCold    + . .     Faith    .   (no shield)
rNeg     . . .     Spirit   .   a - +0 robe
rPois    +         Reflect  .   (helmet currently unavailable)
rElec    +         Harm     .   (no cloak)
rCorr    +         Rampage  .   (no gloves)
Will     .....                  (boots currently unavailable)
Stlth    ++........             c - amulet of regeneration
HPRegen  1.17/turn              (no ring)
MPRegen  0.14/turn              (no ring)

@: appendages (expiring), resistant, wereblooded
A: horns 2, talons 2, fangs 1, strong nose, distributed training, weak 1
a: End Transformation


You were on level 4 of the Dungeon.
You had temporarily grown beastly horns and talons.
You visited 1 branch of the dungeon, and saw 4 of its levels.

You collected 195 gold pieces.

Inventory:

Hand Weapons
 f - a +2 short sword of protection
 s - a +2 dagger of venom (weapon)
Missiles
 i - 8 javelins
 j - 17 poisoned darts
Armour
 a - a +0 robe (worn)
 k - a +0 pair of boots (melded)
Jewellery
 c - an amulet of regeneration (around neck)
 t - a ring of protection from cold
Wands
 u - a wand of paralysis (7)
Scrolls
 b - 3 scrolls of vulnerability {unknown}
 d - 2 scrolls of noise {unknown}
 h - 2 scrolls of summoning {unknown}
 m - 5 scrolls of identify {unknown}
 n - a scroll of acquirement {unknown}
 o - a scroll of enchant weapon {unknown}
 q - 3 scrolls of amnesia {unknown}
 v - a scroll of magic mapping {unknown}
Potions
 e - a potion of degeneration {unknown}
 l - a potion of resistance
 p - a potion of brilliance {unknown}
 r - 2 potions of curing {unknown}
 w - a potion of haste


   Skills:
 + Level 3.4 Fighting
 + Level 2.2 Short Blades
 + Level 2.2 Long Blades
 + Level 2.2 Axes
 + Level 2.2 Maces & Flails
 + Level 2.2 Polearms
 + Level 2.2 Staves
 + Level 2.2 Slings
 + Level 2.2 Bows
 + Level 2.2 Crossbows
 + Level 2.2 Throwing
 + Level 2.2 Armour
 + Level 5.1 Dodging
 + Level 2.2 Stealth
 + Level 2.2 Shields
 + Level 6.9 Unarmed Combat
 + Level 5.5 Spellcasting
 + Level 1.8 Conjurations
 + Level 1.8 Hexes
 + Level 1.8 Summonings
 + Level 1.8 Necromancy
 + Level 1.8 Translocations
 + Level 4.2 Transmutations
 + Level 1.8 Fire Magic
 + Level 1.8 Ice Magic
 + Level 1.8 Air Magic
 + Level 1.8 Earth Magic
 + Level 1.8 Poison Magic
 + Level 2.5 Invocations
 + Level 2.2 Evocations


You had 14 spell levels left.
You knew the following spells:

 Your Spells              Type           Power      Damage    Failure   Level
a - Beastly Appendage     Tmut           26%        N/A       3%          1
b - Wereblood             Tmut           13%        N/A       4%          2

Your spell library contained the following spells:

 Spells                   Type           Power      Damage    Failure   Level
 Slow                     Hex            7%         N/A       14%         2
 Spider Form              Tmut/Pois      5%         N/A       17%         3
 Confusing Touch          Hex            7%         N/A       26%         3
 Dazzling Flash           Conj/Hex       14%        N/A       26%         3
 Stone Arrow              Conj/Erth      14%        3d7       26%         3
 Ice Form                 Ice/Tmut       10%        N/A       50%         4
 Animate Armour           Summ/Erth      14%        N/A       65%         4
 Yara's Violent Unravell  Hex/Tmut       5%         3d4       83%         5
 Agony                    Necr           7%         N/A       94%         5
 Silence                  Hex/Air        3%         N/A       94%         5
 Lehudib's Crystal Spear  Conj/Erth      3%         10d3      100%        8


Dungeon Overview and Level Annotations

Branches:
Dungeon (4/15)
 Temple: D:4-7

Altars:
Trog
Uskayaw
Wu Jian

Shops:
D:1 ?


Innate Abilities, Weirdness & Mutations

You have temporarily grown beastly horns and talons.
You have very sharp teeth.
Your uncanny sense of smell can sniff out nearby items.
Your experience applies equally to all skills.
You are weak. (Str -2)


Message History

Deactivating autopickup; reactivate with Ctrl-A.
The scorpion closely misses you.
You miss something.
You feel sick.
The scorpion stings you but does no damage.
The orc closely misses you. Something hits you.
* * * LOW HITPOINT WARNING * * *
You hit something.
You feel a bit better.
Reactivating autopickup.
You feel a bit more experienced.
You howl as the wereblood boils in your veins!
You feel sick. The scorpion closely misses you. The orc misses you.
You have reached level 7!
Your transformation is almost over.
You feel sick. The orc barely misses you.
Things that are here:
a +0 dagger; a +0 robe You closely miss the orc.
You bite the orc, but do no damage.
You feel sick. The scorpion barely misses you.
The orc hits you with a +0 trident.
* * * LOW HITPOINT WARNING * * *
It was a potion of resistance.
You feel protected.
You feel sick. The scorpion closely misses you. The orc closely misses you.
You hit the orc.
The orc is poisoned.
Your headbutt misses the orc.
The orc is heavily wounded.
You feel sick. The scorpion stings you.
* * * LOW HITPOINT WARNING * * *
The scorpion barely misses you.
You hit the orc.
You feel a bit better.
You kill the orc!
You feel sick. The scorpion barely misses you.
You hit the scorpion.
The scorpion is poisoned.
The scorpion is lightly wounded.
You feel sick. The scorpion stings you!
* * * LOW HITPOINT WARNING * * *
It was a potion of mutation.
You feel extremely strange.
You feel weaker.
You feel sick.
You are no longer poisoned.
The scorpion stings you.
You die...

......# #######
#. # #. # #.. ##
... .# #.## †##
#!..####### ..##
#.)s@)..# ...##
####'####.#
#...## #.......#
##...## #.⌠...⌠.#
##...# #.......#
#...###++...⌠...+
##...##.#.......#
#.[.##.#.⌠...⌠.#
##...#.#.......#


You could see a scorpion (very poisoned).

Vanquished Creatures
  An ogre (D:4)
  A bullfrog skeleton (D:4)
  An iguana (D:3)
  6 orc wizards
  3 adders
  4 gnolls (D:3)
  An adder skeleton (D:4)
  An adder zombie (D:1)
  A worm (D:2)
  5 dart slugs
  6 orcs
  7 ball pythons
  5 endoplasms
  5 giant cockroaches
  7 goblins
  2 hobgoblins (D:1)
  10 jackals
  9 kobolds
  3 bats
  4 frilled lizards
  A giant cockroach zombie (D:1)
  6 rats (D:1)
89 creatures vanquished.

Vanquished Creatures (others)
  A fungus (D:1)
  2 plants (D:1)
3 creatures vanquished.

Grand Total: 92 creatures vanquished

Notes
Turn   | Place    | Note
-------+----------+-------------------------------------------
     0 | D:1      | nightchill the Gnoll Transmuter began the quest for the
                  | Orb.
     0 | D:1      | Reached XP level 1. HP: 17/17 MP: 6/6
   166 | D:1      | Reached XP level 2. HP: 23/23 MP: 7/7
   185 | D:1      | Found Icass's Magic Scroll Boutique.
   499 | D:1      | Reached XP level 3. HP: 28/28 MP: 7/9
   510 | D:1      | Reached skill level 5 in Spellcasting
   543 | D:1      | Found a faded altar of an unknown god.
   590 | D:1      | Reached skill level 1 in Invocations
   941 | D:2      | Reached skill level 1 in Short Blades
   941 | D:2      | Reached skill level 1 in Long Blades
   941 | D:2      | Reached skill level 1 in Axes
   941 | D:2      | Reached skill level 1 in Maces & Flails
   941 | D:2      | Reached skill level 1 in Polearms
   941 | D:2      | Reached skill level 1 in Staves
   941 | D:2      | Reached skill level 1 in Slings
   941 | D:2      | Reached skill level 1 in Bows
   941 | D:2      | Reached skill level 1 in Crossbows
   941 | D:2      | Reached skill level 1 in Throwing
   941 | D:2      | Reached skill level 1 in Armour
   941 | D:2      | Reached skill level 1 in Stealth
   941 | D:2      | Reached skill level 1 in Shields
   941 | D:2      | Reached skill level 1 in Evocations
   961 | D:2      | Learned a level 2 spell: Wereblood
  1041 | D:2      | Reached XP level 4. HP: 34/34 MP: 9/11
  1276 | D:2      | Found a hide-covered altar of Uskayaw.
  1613 | D:3      | Reached skill level 1 in Conjurations
  1613 | D:3      | Reached skill level 1 in Hexes
  1613 | D:3      | Reached skill level 1 in Summonings
  1613 | D:3      | Reached skill level 1 in Necromancy
  1613 | D:3      | Reached skill level 1 in Translocations
  1613 | D:3      | Reached skill level 1 in Fire Magic
  1613 | D:3      | Reached skill level 1 in Ice Magic
  1613 | D:3      | Reached skill level 1 in Air Magic
  1613 | D:3      | Reached skill level 1 in Earth Magic
  1613 | D:3      | Reached skill level 1 in Poison Magic
  1767 | D:3      | Reached XP level 5. HP: 40/40 MP: 12/12
  2050 | D:3      | Found a hide-covered altar of Uskayaw.
  2096 | D:3      | Found an ornate altar of the Wu Jian Council.
  2209 | D:4      | Reached XP level 6. HP: 47/47 MP: 10/13
  2305 | D:4      | Reached skill level 5 in Dodging
  2344 | D:4      | Found a bloodstained altar of Trog.
  2469 | D:4      | Reached XP level 7. HP: 11/52 MP: 13/15
  2474 | D:4      | HP: 1/52 [scorpion (8)]
  2475 | D:4      | Gained mutation: You are weak. (Str -2) [potion of
                  | mutation]
  2475 | D:4      | Slain by a scorpion

Illustrated notes

Levels and vault maps discovered:
D:1:      saegor_arrival_fortress, layout_rooms, serial_shops, shop,
          dreamdust_ecumenical_altar_grove, minmay_tetromino_o4
D:2:      layout_loops_ring, basic_altar
D:3:      layout_basic, mainiacjoe_overflow_concentric_impassable,
          nicolae_uskayaw_suspiria, grunt_ministairs_2
D:4:      layout_basic, grunt_qazlal_clouds, trog_wizard, serial_curves,
          eino_curves_03, eino_curves_01, serial_shops, nicolae_lakefront_shop,
          minmay_fountain_box, minmay_a_box_with_orc_wizards_in_it

Skill      XL: |  1  2  3  4  5  6 |
---------------+-------------------+-----
Spellcasting   | 5 |  5.5
Invocations    | 1 2 |  2.5
Short Blades   | 1 2 |  2.2
Long Blades    | 1 2 |  2.2
Axes           | 1 2 |  2.2
Maces & Flails | 1 2 |  2.2
Polearms       | 1 2 |  2.2
Staves         | 1 2 |  2.2
Slings         | 1 2 |  2.2
Bows           | 1 2 |  2.2
Crossbows      | 1 2 |  2.2
Throwing       | 1 2 |  2.2
Armour         | 1 2 |  2.2
Stealth        | 1 2 |  2.2
Shields        | 1 2 |  2.2
Evocations     | 1 2 |  2.2
Conjurations   | 1 |  1.8
Hexes          | 1 |  1.8
Summonings     | 1 |  1.8
Necromancy     | 1 |  1.8
Translocations | 1 |  1.8
Fire Magic     | 1 |  1.8
Ice Magic      | 1 |  1.8
Air Magic      | 1 |  1.8
Earth Magic    | 1 |  1.8
Poison Magic   | 1 |  1.8
Fighting       | 3 |  3.4
Transmutations | 4 |  4.2
Dodging        | 5 |  5.1
Unarmed Combat | |  6.9

Action                   |  1- 3 |  4- 6 |  7- 9 || total
-------------------------+-------+-------+-------++-------
Melee: Unarmed           |    36 |       |       ||    36
       Kick              |     7 |    26 |       ||    33
       Short sword       |    70 |   105 |       ||   175
       Headbutt          |     5 |    14 |       ||    19
       Bite              |     6 |    10 |     1 ||    17
       Punch             |     2 |     4 |       ||     6
       Dagger            |       |    70 |     4 ||    74
 Cast: Beastly Appendage |    16 |    19 |       ||    35
       Wereblood         |       |     5 |       ||     5
  Use: Potion            |       |       |     2 ||     2
 Stab: Sleeping          |     1 |     2 |       ||     3
Armor: Robe              |    27 |    30 |       ||    57
Dodge: Dodged            |    90 |   117 |     6 ||   213
